 Dungeon Crawl Stone Soup version 0.29-a0-659-g28b9d68c38 (webtiles) character file.

Game seed: 1068908665551450581

132716 Essalna the Devastator (level 17, -1/112 HPs)
             Began as a Tengu Conjurer on June 21, 2022.
             Was the Champion of Vehumet.
             Slain by a merfolk
             ... wielding a +0 trident
              (22 damage)
             ... on level 1 of the Shoals on June 22, 2022.
             The game lasted 01:21:56 (31722 turns).

Essalna the Devastator (Tengu Conjurer)            Turns: 31722, Time: 01:21:57

Health: -1/112     AC: 12    Str:  9    XL:     17   Next: 13%
Magic:  32/44      EV: 21    Int: 24    God:    Vehumet [******]
Gold:   1551       SH:  0    Dex: 14    Spells: 22/43 levels left

rFire   + . .      SeeInvis .   j - +3 whip (elec)
rCold   . . .      Faith    .   (no shield)
rNeg    . . .      Spirit   .   M - +0 troll leather armour
rPois   .          Reflect  .   t - +2 hat {Will+}
rElec   .          Harm     .   h - +1 cloak {Stlth+}
rCorr   .          Rampage  .   N - +1 pair of gloves
Will    +....                   (boots unavailable)
Stlth   ++........              A - amulet of magic regeneration
HPRegen 1.08/turn               X - ring of magical power
MPRegen 0.69/turn               R - ring of protection from fire

@: confused, lethally poisoned (-1 -> -5), weak-willed, ambrosia-drunk, marked,
engulfed (cannot breathe), spiked, flying quickly and evasively, mesmerised,
quick
A: beak, talons 3, nimble flight
a: Renounce Religion


You were on level 1 of the Shoals.
You worshipped Vehumet.
Vehumet was exalted by your worship.
You visited 5 branches of the dungeon, and saw 25 of its levels.
You also visited: Sewer.

You collected 3564 gold pieces.
You spent 2013 gold pieces at shops.

Inventory:

Hand Weapons
 j - a +3 whip of electrocution (weapon)
 B - the +10 trident of Profit {pain, Drain rPois rC+ Str+3}
   (You took it off a centaur warrior on level 15 of the Dungeon)

   In the hands of one skilled in necromantic magic, it inflicts extra damage on
   living creatures.
   Str:       It affects your strength (+3).
   rC:        It protects you from cold.
   rPois:     It protects you from poison.
   Drain:     It drains your maximum health when unequipped.
Armour
 h - a +1 cloak of stealth (worn)
 t - a +2 hat of willpower (worn)
 L - a +1 robe of cold resistance
 M - a +0 troll leather armour (worn)
 N - a +1 pair of gloves (worn)
Magical Staves
 f - a staff of cold
 U - a staff of earth
 V - a staff of poison
Jewellery
 b - a +6 ring of dexterity
 y - a ring of magical power
 A - an amulet of magic regeneration (around neck)
 F - a ring of ice
 J - a ring of ice
 K - a ring of protection from cold
 R - a ring of protection from fire (right hand)
 T - a ring of fire
 X - a ring of magical power (left hand)
 Y - a ring of willpower
 Z - the ring of Hiatz {rF+ rN+++ rCorr Slay-5 SInv}
   (You bought it in a shop on level 2 of the Orcish Mines)

   [ring of see invisible]

   Slay:      It affects your accuracy & damage with ranged weapons and melee
   (-5).
   rF:        It protects you from fire.
   rN:        It renders you almost immune to negative energy.
   SInv:      It lets you see invisible.
   rCorr:     It protects you from acid and corrosion.
Wands
 e - a wand of polymorph (14)
 w - a wand of digging (4)
 H - a wand of acid (1)
 I - a wand of mindburst (5)
 Q - a wand of iceblast (26)
Scrolls
 a - 4 scrolls of enchant weapon
 d - a scroll of fog
 g - 12 scrolls of identify
 l - 3 scrolls of summoning
 n - 4 scrolls of blinking
 q - 3 scrolls of brand weapon {unknown}
 u - 3 scrolls of vulnerability
 x - a scroll of enchant armour
 G - 2 scrolls of teleportation
 O - 6 scrolls of magic mapping
 S - 3 scrolls of amnesia
 W - a scroll of torment {unknown}
Potions
 c - 16 potions of curing
 i - 5 potions of mutation {unknown}
 k - 5 potions of resistance {unknown}
 m - 7 potions of brilliance {unknown}
 o - 3 potions of heal wounds
 p - 6 potions of might {unknown}
 r - 6 potions of flight {unknown}
 s - 2 potions of cancellation {unknown}
 v - 6 potions of berserk rage {unknown}
 z - 5 potions of haste {unknown}
 C - 3 potions of lignification {unknown}
 D - 2 potions of degeneration {unknown}
 E - 5 potions of ambrosia
 P - a potion of attraction {unknown}


   Skills:
 + Level 14.7 Fighting
 - Level 9.5 Armour
 + Level 12.7 Dodging
 - Level 2.0 Stealth
 + Level 13.9 Spellcasting
 - Level 17.4 Conjurations
 - Level 8.0 Translocations
 + Level 6.9 Ice Magic


You had 22 spell levels left.
You knew the following spells:

 Your Spells              Type           Power      Damage    Failure   Level
a - Magic Dart            Conj           100%       1d8       0%          1
b - Searing Ray           Conj           100%       2d8       0%          2
c - Iskenderun's Mystic   Conj/Tloc      67%        2d14      1%          4
d - Orb of Destruction    Conj           39%        9d11      1%          7
e - Ozocubu's Refrigerat  Ice            24%        4d9       47%         7

Your spell library contained the following spells:

 Spells                   Type           Power      Damage    Failure   Level
 Spellforged Servitor     Conj/Summ      27%        N/A       26%         7
 Shock                    Conj/Air       100%       1d9       1%          1
 Ensorcelled Hibernation  Hex/Ice        66%        N/A       1%          2
 Poisonous Vapours        Pois/Air       32%        N/A       1%          2
 Dazzling Flash           Conj/Hex       100%       N/A       1%          3
 Gell's Gravitas          Tloc           53%        N/A       1%          3
 Ozocubu's Armour         Ice            49%        N/A       1%          3
 Teleport Other           Tloc           53%        N/A       1%          3
 Fulminant Prism          Conj/Hex       27%        3d14      1%          4
 Hailstorm                Conj/Ice       66%        3d14      1%          4
 Passage of Golubria      Tloc           53%        N/A       1%          4
 Ice Form                 Ice/Tmut       33%        N/A       11%         4
 Airstrike                Air            8%         N/A       12%         4
 Confusing Touch          Hex            16%        N/A       14%         3
 Spider Form              Tmut/Pois      16%        N/A       14%         3
 Swiftness                Air            16%        N/A       14%         3
 Dispersal                Tloc           26%        N/A       26%         6
 Lee's Rapid Deconstruct  Erth           8%         3d8*      30%         5
 Yara's Violent Unravell  Hex/Tmut       8%         3d5       30%         5
 Anguish                  Hex/Necr       8%         N/A       41%         4
 Summon Lightning Spire   Summ/Air       16%        N/A       41%         4
 Alistair's Intoxication  Tmut/Pois      10%        N/A       77%         5
 Borgnjor's Vile Clutch   Necr/Erth      8%         N/A       77%         5
 Silence                  Hex/Air        8%         N/A       77%         5
 Eringya's Noxious Bog    Tmut/Pois      8%         N/A       83%         6
 Simulacrum               Ice/Necr       16%        N/A       86%         6
 Lehudib's Crystal Spear  Conj/Erth      27%        10d7      87%         8
 Enfeeble                 Hex            8%         N/A       100%        7
 Storm Form               Tmut/Air       8%         N/A       100%        7
 Maxwell's Capacitive Co  Air            8%         ∞         100%        8


Dungeon Overview and Level Annotations

Branches:
Dungeon (15/15)            Temple (1/1) D:4            Lair (6/6) D:9
 Shoals (1/4) Lair:2        Snake (0/4) Lair:2        Slime (0/5) Lair:5
    Orc (2/2) D:9             Elf (0/3) Orc:2        Vaults (0/5) D:14
 Depths (0/4) D:15          Sewer (visited)

Altars:
Dithmenos
Elyvilon
Gozag
Kikubaaqudgha
Ru
Sif Muna
Uskayaw
Vehumet
Wu Jian
Xom
Yredelemnul
The Shining One
Beogh

Shops:
D:15 [!   Orc:1 *   Orc:2 =:!*

Portals:
Trove: D:10 (give +4 fire dragon scales)

Annotations:
D:8 exclusion: orange crystal statue
Shoals:1 Kirke


Innate Abilities, Weirdness & Mutations

You have a beak for a mouth.
You have claws for feet.
Your magical nature lets you fly swiftly and evasively.


Message History

The manticore closely misses you.
The manticore claws you but does no damage.
The manticore completely misses you.
The merfolk avatar chants its luring song.
The water elemental hits you. The manticore bites you.
The manticore misses you. The manticore claws you.
You feel much better.
Your lungs strain for air!
The hog closely misses you. x2
The merfolk siren chants a haunting song.
The merfolk completely misses you.
The merfolk javelineer hits you but does no damage.
The manticore misses you. The manticore claws you.
The manticore closely misses you. The merfolk misses you.
The merfolk avatar chants its luring song.
The hog bites you. The manticore completely misses you.
The manticore closely misses you.
The manticore claws you but does no damage.
The water elemental barely misses you.
You cannot cast spells while unable to breathe!
Unknown command.
You cannot cast spells while unable to breathe!
Unknown command.
You cannot read scrolls while unable to breathe!
You are confused.
You feel invigorated.
Your lungs strain for air!
The hog bites you but does no damage.
A merfolk comes into view. It is wielding a +0 trident.
The merfolk siren chants its luring song.
The manticore bites you!
* * * LOW HITPOINT WARNING * * *
The manticore misses you. The manticore claws you!
* * * LOW HITPOINT WARNING * * *
The merfolk closely misses you.
The merfolk javelineer hits you from afar with a +2 spear of venom.
* * * LOW HITPOINT WARNING * * *
You are poisoned.
The merfolk hits you from afar with a +0 trident!!
You die...

...≈≈................###††.≈≈
..≈≈≈≈≈≈≈.....##...≈..##...≈≈
..≈≈≈≈≈≈≈≈................≈≈≈
≈≈≈≈...≈≈H..≈≈≈..≈......≈≈≈≈
≈≈.....≈≈m.@m≈≈≈≈≈...≈≈≈≈≈≈
...#..≈≈c)m.c......≈≈≈≈≈≈≈
.....≈≈≈SmmC...†...≈≈≈≈≈≈
≈≈≈...Hhhm[(##......≈≈≈≈
≈...HmE@..m).†......≈≈≈≈
≈....mH....†........≈≈≈≈
≈.m####)...(........≈≈≈≈ ≈
####..####...≈≈≈≈≈
##[###....≈≈≈≈≈
##.........≈≈≈≈≈
#<..........≈≈≈≈
.≈.........≈...≈≈≈≈≈≈≈
..........≈≈≈.≈≈≈


You could see Kirke, a merfolk avatar (mesmerising), a merfolk impaler, a
merfolk javelineer, a sea snake, 6 merfolk, 2 fauns, 4 manticores, a cyclops, a
water elemental, a merfolk siren (mesmerising) and 2 hogs.

Vanquished Creatures
  Rupert (D:12)
  Gastronok (D:12)
  Azrael (Orc:2)
  Fannar (D:10)
  Josephine (Orc:1)
  A merfolk impaler (Shoals:1)
  Harold (Orc:1)
  3 boulder beetles
  A rakshasa (D:14)
  An ogre mage (D:15)
  5 hydras
  6 centaur warriors
  2 spriggan skeletons (D:15)
  5 catoblepae
  6 death knights
  Erica (Lair:2)
  11 death yaks
  15 two-headed ogres
  The ghost of raistware the Destroyer, a journeyman HuCj of Vehumet (D:10)
  The ghost of Majang the Frost Mage, a journeyman KoIE of Vehumet (Lair:1)
  3 tengu warriors (D:14)
  5 orc high priests (Orc:2)
  Urug (Lair:2)
  The ghost of temitten the Covert, a journeyman FeCA of Ignis (D:8)
  Sonja (Lair:2)
  Lodul (D:10)
  15 skeletal warriors
  A sea snake (Shoals:1)
  4 phantasmal warriors
  A wizard (D:15)
  12 orc knights
  Pikel (D:7)
  11 harpies (Shoals:1)
  A deep elf pyromancer (D:12)
  7 cyclopes
  A stone giant zombie (D:15)
  A lindwurm (Lair:4)
  5 ugly things
  A necromancer (D:15)
  A faun (Shoals:1)
  4 elephants
  2 merfolk sirens
  7 manticores
  Maurice (D:10)
  3 black mambas
  A frost giant skeleton (D:15)
  7 rime drakes
  12 cane toads
  9 komodo dragons
  A freezing wraith (D:14)
  Psyche (D:11)
  2 efreet (D:13)
  A guardian mummy (D:15)
  A tengu conjurer (D:15)
  2 polar bears
  5 merfolk (Shoals:1)
  7 trolls
  A meliai (D:14)
  A queen bee (D:10)
  9 slime creatures
  3 hornets (D:10)
  Grinder (D:3)
  13 dream sheep
  Sigmund (D:3)
  3 blink frogs (Lair:4)
  10 wyverns
  8 wraiths
  4 vampires
  83 yaks
  3 fire elementals
  5 basilisks
  A steam dragon (D:9)
  2 hogs (Shoals:1)
  17 vampire mosquitoes
  2 nagas (Lair:2)
  A warg (Orc:2)
  11 water moccasins
  5 hell hounds
  3 black bears
  37 orc warriors
  5 boggarts (D:15)
  2 black mamba simulacra (Lair:1)
  12 ogres
  15 centaurs
  3 phantoms
  9 wolves
  3 lemures (D:7)
  14 kobold brigands
  19 bullfrogs
  A cane toad simulacrum (Lair:1)
  4 gnoll sergeants
  6 scorpions
  A blink frog simulacrum (Lair:1)
  21 killer bees
  5 electric eels
  7 howler monkeys
  2 lava snakes (D:8)
  4 hounds
  4 jellies
  35 orc priests
  A gnoll shaman (D:3)
  3 iguanas
  8 orc wizards
  10 hell rats
  A wolf simulacrum (Lair:1)
  A bullfrog simulacrum (Lair:1)
  9 gnolls
  13 adders
  A river rat (D:5)
  A shadow imp (D:6)
  2 white imps
  2 ufetubi (D:6)
  2 dart slugs
  5 worms
  88 orcs
  6 endoplasms
  4 giant cockroaches
  11 goblins
  8 hobgoblins
  2 quokkas (D:1)
  10 ball pythons
  7 bats
  4 frilled lizards
  27 kobolds
  9 rats
836 creatures vanquished.

Vanquished Creatures (others)
  5 dream sheep (D:8)
  45 fungi
  61 plants
  10 withered plants (D:15)
121 creatures vanquished.

Grand Total: 957 creatures vanquished

Notes
Turn   | Place    | Note
-------+----------+-------------------------------------------
     0 | D:1      | Essalna the Tengu Conjurer began the quest for the Orb.
     0 | D:1      | Reached XP level 1. HP: 10/10 MP: 4/4
   123 | D:1      | Reached XP level 2. HP: 10/15 MP: 4/6
   628 | D:1      | Reached XP level 3. HP: 19/19 MP: 5/7
   960 | D:1      | Reached skill level 6 in Conjurations
  1281 | D:1      | Learned a level 2 spell: Searing Ray
  1910 | D:2      | Found a faded altar of an unknown god.
  1927 | D:2      | Reached XP level 4. HP: 24/24 MP: 5/9
  1932 | D:2      | Learned a level 4 spell: Iskenderun's Mystic Blast
  2478 | D:3      | Noticed Sigmund
  2638 | D:3      | Found a sacrificial altar of Ru.
  2646 | D:3      | Noticed Grinder
  2654 | D:3      | Killed Grinder
  2655 | D:3      | Reached skill level 7 in Conjurations
  2655 | D:3      | Reached skill level 1 in Translocations
  2655 | D:3      | Gained mutation: Your magical nature lets you fly swiftly
                  | and evasively. [Tengu growth]
  2655 | D:3      | Reached XP level 5. HP: 30/30 MP: 0/11
  2655 | D:3      | Reached XP level 6. HP: 35/35 MP: 0/12
  3503 | D:3      | Killed Sigmund
  3504 | D:3      | Reached XP level 7. HP: 30/40 MP: 5/14
  3881 | D:4      | Reached skill level 8 in Conjurations
  4063 | D:4      | Reached XP level 8. HP: 35/47 MP: 7/16
  4258 | D:4      | Found a staircase to the Ecumenical Temple.
  4273 | Temple   | Entered the Ecumenical Temple
  4294 | Temple   | Became a worshipper of Vehumet
  4696 | D:4      | Reached skill level 5 in Spellcasting
  4905 | D:5      | Entered Level 5 of the Dungeon
  4956 | D:5      | Found a glowing drain.
  4962 | Sewer    | Entered a sewer
  5115 | Sewer    | Reached * piety under Vehumet
  5115 | Sewer    | Offered knowledge of Foxfire by Vehumet.
  5566 | D:5      | Reached skill level 9 in Conjurations
  6410 | D:6      | Reached XP level 9. HP: 46/53 MP: 8/18
  6532 | D:6      | Reached skill level 5 in Fighting
  6605 | D:6      | Reached ** piety under Vehumet
  6605 | D:6      | Offered knowledge of Freeze by Vehumet.
  7321 | D:6      | Reached skill level 10 in Conjurations
  7588 | D:6      | Found a glowing golden altar of the Shining One.
  7771 | D:7      | Found a shadowy altar of Dithmenos.
  7987 | D:7      | Noticed Pikel
  8096 | D:7      | Offered knowledge of Scorch by Vehumet.
  8097 | D:7      | Reached skill level 5 in Translocations
  8421 | D:7      | Killed Pikel
  8422 | D:7      | Reached XP level 10. HP: 61/61 MP: 11/21
  8677 | D:8      | Reached skill level 11 in Conjurations
  8844 | D:8      | Noticed an orange crystal statue
  8997 | D:8      | Noticed a two-headed ogre
  9006 | D:8      | Killed a two-headed ogre
  9006 | D:8      | Reached *** piety under Vehumet
  9231 | D:8      | Found a runed translucent door.
  9231 | D:8      | Noticed temitten's ghost (journeyman FeCA)
  9292 | D:8      | Killed temitten's ghost
  9377 | D:8      | Found a shimmering altar of Xom.
  9484 | D:9      | Found a staircase to the Lair.
  9583 | D:9      | Found a staircase to the Orcish Mines.
  9588 | D:9      | Reached skill level 12 in Conjurations
  9592 | D:9      | Reached XP level 11. HP: 47/68 MP: 10/24
  9592 | D:9      | Offered knowledge of Frozen Ramparts by Vehumet.
 10149 | D:9      | Reached **** piety under Vehumet
 10442 | D:9      | Found an opulent altar of Gozag.
 10579 | D:10     | Entered Level 10 of the Dungeon
 10593 | D:10     | Noticed a two-headed ogre
 10599 | D:10     | Killed a two-headed ogre
 10726 | D:10     | Offered knowledge of Stone Arrow by Vehumet.
 10767 | D:10     | Noticed Lodul
 10783 | D:10     | Noticed Fannar
 10783 | D:10     | Noticed a two-headed ogre
 11013 | D:10     | Found a shimmering blue altar of Sif Muna.
 11319 | D:10     | Noticed raistware's ghost (journeyman HuCj)
 11343 | D:10     | Noticed Maurice
 11359 | D:10     | Killed Maurice
 11360 | D:10     | Reached skill level 13 in Conjurations
 11385 | D:10     | Found a transporter.
 11553 | D:10     | Killed Fannar
 11554 | D:10     | Killed a two-headed ogre
 11688 | D:10     | Killed Lodul
 12073 | D:10     | Found a portal to a secret trove of treasure.
 12085 | D:10     | Reached XP level 12. HP: 65/76 MP: 14/26
 12297 | D:10     | Reached ***** piety under Vehumet
 12297 | D:10     | Offered knowledge of Eringya's Noxious Bog by Vehumet.
 12414 | D:10     | Found a transporter.
 12496 | Lair:1   | Entered Level 1 of the Lair of Beasts
 12496 | Lair:1   | Noticed an eight-headed hydra
 12505 | Lair:1   | Killed an eight-headed hydra
 12637 | Lair:1   | Upgraded the game from 0.29-a0-649-g45c230d69a to
                  | 0.29-a0-659-g28b9d68c38
 12713 | Lair:1   | Reached skill level 1 in Armour
 12735 | Lair:1   | Reached skill level 14 in Conjurations
 13392 | Lair:1   | Identified the +1 dagger "Noon" {vorpal, rElec rF- SInv}
 13541 | Lair:1   | Noticed Majang's ghost (journeyman KoIE)
 13586 | Lair:1   | Found a runed translucent gate.
 13586 | Lair:1   | Found a runed translucent gate.
 13586 | Lair:1   | Found a runed translucent gate.
 13714 | Lair:1   | Killed Majang's ghost
 13957 | Lair:1   | Reached skill level 10 in Fighting
 14232 | Lair:2   | Noticed a catoblepas
 14303 | Lair:2   | Found a staircase to the Shoals.
 14414 | Lair:2   | Noticed Sonja
 14439 | Lair:1   | Reached skill level 10 in Spellcasting
 14505 | Lair:2   | Killed Sonja
 14679 | Lair:2   | Reached skill level 5 in Dodging
 14962 | Lair:2   | Noticed Erica
 15035 | Lair:2   | Noticed Urug
 15170 | Lair:2   | Reached XP level 13. HP: 81/83 MP: 16/28
 15175 | Lair:2   | Killed Erica
 15430 | Lair:2   | Found a staircase to the Snake Pit.
 15485 | Lair:2   | Killed Urug
 15804 | Lair:2   | Reached skill level 5 in Armour
 15804 | Lair:2   | Reached skill level 15 in Conjurations
 18353 | Lair:5   | Found a staircase to the Slime Pits.
 18909 | Lair:6   | Entered Level 6 of the Lair of Beasts
 19073 | Lair:5   | Reached XP level 14. HP: 64/90 MP: 8/30
 19182 | Lair:6   | Reached skill level 16 in Conjurations
 20094 | Lair:6   | Offered knowledge of Sticky Flame by Vehumet.
 22066 | Orc:1    | Entered Level 1 of the Orcish Mines
 22066 | Orc:1    | Noticed Harold
 22068 | Orc:1    | Offered knowledge of Orb of Destruction by Vehumet.
 22079 | D:9      | Learned a level 7 spell: Orb of Destruction
 22112 | Orc:1    | Killed Harold
 22277 | Orc:2    | Entered Level 2 of the Orcish Mines
 22446 | Orc:2    | Noticed Azrael
 22452 | Orc:2    | Reached skill level 17 in Conjurations
 22520 | Orc:2    | Reached XP level 15. HP: 36/97 MP: 30/31
 22587 | Orc:2    | Killed Azrael
 22878 | Orc:2    | Found a staircase to the Elven Halls.
 23518 | Orc:2    | Offered knowledge of Lightning Bolt by Vehumet.
 24281 | Orc:2    | Found Wuxucut's Assorted Antiques.
 24281 | Orc:2    | Found Qaimn's Distillery.
 24282 | Orc:2    | Found Ikkam's Book Shoppe.
 24282 | Orc:2    | Found Qilyuq's Jewellery Emporium.
 24292 | Orc:2    | Bought the ring of Hiatz {rF+ rN+++ rCorr Slay-5 SInv} for
                  | 519 gold pieces
 24300 | Orc:2    | Bought Ozocubu's Autobiography for 384 gold pieces
 24300 | Orc:2    | Bought a book of the Moon for 640 gold pieces
 24309 | Orc:2    | Learned a level 7 spell: Ozocubu's Refrigeration
 24589 | Orc:1    | Found Uwopysiu's Overcharged Wands.
 24645 | Orc:1    | Noticed Josephine
 24656 | Orc:1    | Killed Josephine
 24657 | Orc:1    | Reached skill level 1 in Ice Magic
 25024 | D:10     | Killed raistware's ghost
 25025 | D:10     | Reached skill level 10 in Dodging
 25030 | D:10     | Offered knowledge of Lee's Rapid Deconstruction by Vehumet.
 25095 | D:10     | Identified the +7 arbalest "Reryurhy" {penet, rPois}
 25188 | D:11     | Noticed Psyche
 25191 | D:11     | Killed Psyche
 25830 | D:12     | Noticed Gastronok
 25856 | D:12     | Killed Gastronok
 26293 | D:12     | Noticed Rupert
 26298 | D:12     | Killed Rupert
 27367 | D:13     | Reached XP level 16. HP: 104/104 MP: 13/33
 27492 | D:13     | Offered knowledge of Freezing Cloud by Vehumet.
 28801 | D:14     | Got the Catalogue of Paper
 28807 | D:14     | Identified the +5 war axe of Indomitability {drain, rPois
                  | Will- MP+9 Stlth+}
 29100 | D:14     | Reached skill level 5 in Ice Magic
 29288 | D:14     | Found a gate to the Vaults.
 29716 | D:15     | Entered Level 15 of the Dungeon
 29735 | D:15     | Found a staircase to the Depths.
 29975 | D:15     | Identified the +10 trident of Profit {pain, Drain rPois rC+
                  | Str+3}
 30875 | D:15     | Found Rurut's Antique Armour Boutique.
 30884 | D:15     | Bought a smelly leather armour for 280 gold pieces
 30884 | D:15     | Identified the +3 leather armour "Jydu" {Rampage rN+ SInv}
                  | (You bought it in a shop on level 15 of the Dungeon)
 30975 | D:15     | Found a hide-covered altar of Uskayaw.
 31090 | D:15     | Found Tudik's Distillery.
 31226 | D:15     | Bought a potion of heal wounds for 95 gold pieces
 31226 | D:15     | Bought a potion of heal wounds for 95 gold pieces
 31516 | Shoals:1 | Entered Level 1 of the Shoals
 31534 | Shoals:1 | Reached XP level 17. HP: 106/112 MP: 19/35
 31632 | Shoals:1 | Reached ****** piety under Vehumet
 31718 | Shoals:1 | Offered knowledge of Spellforged Servitor by Vehumet.
 31718 | Shoals:1 | Noticed Kirke
 31722 | Shoals:1 | Slain by a merfolk

Illustrated notes

Levels and vault maps discovered:
D:1:      heliophobic_arrival_glass_houses, layout_loops_ring, serial_forest,
          infiniplex_forest_clump_small, infiniplex_forest_lined_ring,
          infiniplex_forest_clump_double, infiniplex_forest_lined_2,
          infiniplex_forest_join, infiniplex_forest_lined_corner,
          infiniplex_forest_straight_3, minmay_misc_feat_alley,
          hangedman_abyss_or_decor_stabs
D:2:      layout_basic, nicolae_ecumenical_snake_handling, hangedman_glass_teeth
D:3:      layout_basic, mainiacjoe_overflow_cross_hatched,
          minmay_misc_feat_rugged, uniq_grinder, uniq_sigmund
D:4:      layout_basic, minmay_temple_entry_junction, nicolae_figureground_pulse
D:5:      layout_gridville, lightli_sewer_entry_pipes
D:6:      layout_basic, tso_altar, corexii_corridor_pit, serial_bayou_lagoon_b
D:7:      layout_gridville, grunt_dithmenos_shadows, hangedman_decor_riveting,
          uniq_pikel
D:8:      layout_basic, kb_xom_exploding_sheep, ebering_ghost_inner_flame,
          disabler_island
D:9:      layout_loops_ring, grunt_gozag_breadcrumbs, lair_entry_dummy,
          kennysheep_orc_monster_closet_entryway
D:10:     layout_roguey, kennysheep_little_box, special_room [special_room_orc],
          gammafunk_ghost_hive, enter_trove_2, ebering_dispersal_statue_hall,
          kennysheep_generic_room_3, uniq_maurice, uniq_lodul, uniq_fannar
D:11:     layout_rooms, uniq_psyche
D:12:     cheibrodos_tormentor_scu, layout_loops_ring,
          hellmonk_bongcloud_opening, uniq_rupert, uniq_gastronok
D:13:     layout_basic, due_unseen_surprise
D:14:     layout_stronghold, david_vaults_1, minmay_between
D:15:     gammafunk_depths_entry_grave, layout_cave_pools,
          lemuel_coloured_pillars_altar, serial_shops, nicolae_diamond_shop,
          nicolae_square_shop
Temple:   eino_temple_rhombus
Lair:1:   layout_loops_ring, gammafunk_ghost_icy, grunt_megastairs_4
Lair:2:   layout_hall_layers, minmay_shoals_entry_lonely_mermaid,
          minmay_snake_entry_guardpost_small, serial_bayou,
          serial_bayou_shore_b, serial_bayou_ford_a, serial_bayou_pond_a,
          serial_bayou_lake_a, uniq_erica, uniq_sonja, uniq_urug
Lair:3:   layout_hall_layers
Lair:4:   layout_long_grid
Lair:5:   layout_loops_ring, minmay_slime_entry_pillars,
          infiniplex_staircase_pool
Lair:6:   evilmike_catoblepas_cave, layout_hall_layers, special_room
          [special_room_mythical_zoo]
Shoals:1: layout_shoals, nicolae_shoals_lost_giant_hut, uniq_kirke
Orc:1:    layout_caves, nicolae_shop_overcharged_wands, uniq_harold,
          uniq_josephine
Orc:2:    st_orc_pillars, layout_caves, nicolae_orc_rockfall, uniq_azrael

Skill      XL: |  1  2  3  4  5  6  7  8  9 10 11 12 13 14 15 16 |
---------------+-------------------------------------------------+-----
Conjurations   | 6 7 8 9 10 12 13 14 15 17 | 17.4
Spellcasting   | 3 4 5 6 8 9 10 11 12 13 | 13.9
Fighting       | 2 3 4 6 7 9 10 11 12 13 14 | 14.7
Translocations | 1 2 3 4 5 6 7 8 |  8.0
Armour         | 4 7 8 9 |  9.5
Dodging        | 5 7 9 10 12 | 12.7
Ice Magic      | 3 6 |  6.9
Stealth        | |  2.0

Action                   |  1- 3 |  4- 6 |  7- 9 | 10-12 | 13-15 | 16-18 || total
-------------------------+-------+-------+-------+-------+-------+-------++-------
Melee: Spear             |     9 |       |       |       |       |       ||     9
       Kick              |     3 |       |     1 |     8 |    24 |       ||    36
       Peck              |     2 |       |     1 |     7 |    16 |       ||    26
       Whip              |     4 |     2 |    14 |    33 |    51 |     1 ||   105
 Cast: Magic Dart        |    66 |    54 |   230 |   170 |   381 |    19 ||   920
       Searing Ray       |       |     6 |    22 |    30 |     6 |       ||    64
       Iskenderun's Myst |       |       |     5 |   165 |   503 |   129 ||   802
       Orb of Destructio |       |       |       |       |    53 |   122 ||   175
Evoke: Wand              |       |       |       |     5 |       |       ||     5
  Use: Scroll            |       |       |     7 |    10 |     6 |       ||    23
       Potion            |       |       |       |     3 |       |     4 ||     7
 Stab: Sleeping          |     2 |       |     2 |       |       |       ||     4
Armor: Robe              |     6 |     2 |    16 |    34 |    24 |       ||    82
       Troll leather arm |       |       |       |       |    18 |    20 ||    38
Dodge: Dodged            |     9 |     3 |    57 |    81 |   192 |   116 ||   458

Table legend: (Time is in decaauts)
 A = Elapsed time spent in this place.
 B = Non-inter-level travel time spent in this place.
 C = Inter-level travel time spent in this place.
 D = Time resting spent in this place.
 E = Time spent auto-exploring this place.
 F = Levels seen in this place.
 G = Mean time per level.
                   A        B        C        D        E       F      G
               +--------+--------+--------+--------+--------+-----+--------+
         Total |  30255 |  28458 |   1797 |   2217 |  21133 |  26 | 1163.7 |
       Dungeon |  17844 |  16657 |   1187 |    699 |  13296 |  15 | 1189.6 |
        Temple |     26 |     22 |      4 |      0 |     15 |   1 |   26.0 |
          Lair |   9190 |   8715 |    475 |   1153 |   6107 |   6 | 1531.7 |
        Shoals |    160 |    160 |      0 |      0 |     56 |   1 |  160.0 |
  Orcish Mines |   2629 |   2501 |    128 |    365 |   1338 |   2 | 1314.5 |
         Sewer |    403 |    403 |      0 |      0 |    319 |   1 |  403.0 |
               +--------+--------+--------+--------+--------+-----+--------+

Top non-repeatable levels by time:
  Lair:6: 2390 daAuts
  Lair:1: 2228 daAuts
    D:14: 2130 daAuts
    D:10: 2047 daAuts
   Orc:2: 1796 daAuts
  Lair:2: 1492 daAuts
     D:1: 1445 daAuts
    D:12: 1342 daAuts
  Lair:5: 1308 daAuts
     D:9: 1256 daAuts
     D:6: 1222 daAuts
     D:4: 1198 daAuts
     D:2: 1063 daAuts
     D:3: 1053 daAuts
     D:5: 991 daAuts
